AoeStats
← xUnForSak3nz

Black Forest

509837325Analyzed
4v4 RM · 3d ago on Sep 28, 2026· 53m 2s· 8 players
Game mode
Random Map
Map size
Large (8 player)
Population
200
Speed
Normal
Resources
Standard
Victory
Conquest
Starting age
Dark Age
Ending age
Imperial Age
RankedLock teamsTeams togetherTeam positionsShared explorationLock speedFull tech treeHidden civsTurbo modeCheats
Victory
Defeat
🇮🇹 Chinese · Italy
757
+10
🇨🇳 Celts · China
701
+12
🇨🇳 Aztecs · China
636
+14
🇹🇼 Byzantines · Taiwan
558
+18
🇹🇷 Italians · Türkiye
643
-15
🇺🇸 Saracens · United States
613
-14
🇩🇪 Romans · Germany
602
-13
🇪🇸 Cumans · Spain
558
-12
xUnForSak3nz
0:27 Loom
19:10 Feudal Age
20:26 Wheelbarrow
19:37 Town Watch
19:43 Double-Bit Axe
19:43 Horse Collar
19:56 Stone Mining
21:11 Gold Mining
28:37 Castle Age
27:22 Fletching
27:33 Padded Archer Armor
27:45 Scale Mail Armor
27:56 Forging
27:59 Scale Barding Armor
30:48 Hand Cart
30:48 Bow Saw
31:52 Town Patrol
32:28 Coinage
32:05 Heavy Plow
37:52 Bodkin Arrow
38:12 Leather Archer Armor
38:14 Chain Mail Armor
38:35 Iron Casting
38:06 Caravan
38:40 Chain Barding Armor
43:33 Thumb Ring
42:59 Elite Skirmisher
47:04 Imperial Age
44:33 Pikeman
45:01 Gambesons
48:20 Elite Mameluke
49:08 Bracer
49:39 Ring Archer Armor
51:18 Plate Barding Armor
Zkittlez
5:53 Loom
12:48 Feudal Age
13:18 Double-Bit Axe
13:14 Horse Collar
13:27 Stone Mining
16:01 Wheelbarrow
21:50 Castle Age
22:47 Gold Mining
23:02 Heavy Plow
23:22 Bow Saw
23:39 Hand Cart
23:16 Man-at-Arms
24:13 Forging
24:03 Scale Mail Armor
25:15 Long Swordsman
26:59 Iron Casting
26:40 Caravan
27:06 Chain Mail Armor
28:43 Gold Shaft Mining
33:48 Imperial Age
31:45 Ballistas
34:07 Legionary
35:52 Blast Furnace
34:44 Fletching
34:56 Padded Archer Armor
35:31 Conscription
34:54 Heavy Scorpion
Belay
0:36 Loom
15:44 Feudal Age
19:55 Double-Bit Axe
23:32 Horse Collar
29:46 Castle Age
27:32 Town Watch
30:20 Arson
30:50 Forging
30:40 Scale Mail Armor
30:45 Scale Barding Armor
30:30 Fletching
30:40 Padded Archer Armor
30:35 Gold Mining
30:35 Stone Mining
31:46 Wheelbarrow
33:00 Bloodlines
33:20 Town Patrol
33:33 Bow Saw
33:26 Heavy Plow
33:02 Light Cavalry
35:03 Gold Shaft Mining
34:35 Caravan
34:52 Capped Ram
34:56 Pikeman
35:37 Squires
38:29 Hand Cart
40:21 Ballistics
39:58 Murder Holes
40:13 Masonry
43:11 Imperial Age
43:29 Steppe Husbandry
43:56 Cavalier
43:57 Hussar
45:07 Conscription
48:19 Chemistry
47:27 Siege Ram
49:17 Halberdier
50:26 Elite Kipchak
Sedat
5:14 Loom
9:46 Feudal Age
11:38 Double-Bit Axe
11:36 Horse Collar
20:13 Castle Age
18:37 Stone Mining
18:40 Gold Mining
24:26 Wheelbarrow
25:53 Town Watch
28:09 Hand Cart
32:37 Imperial Age
29:54 Town Watch
30:39 Forging
30:30 Scale Mail Armor
30:40 Scale Barding Armor
30:54 Husbandry
31:08 Town Patrol
31:14 Caravan
31:42 Bow Saw
34:01 Chain Barding Armor
33:56 Chain Mail Armor
34:17 Iron Casting
33:49 Cavalier
36:50 Stone Shaft Mining
39:03 Plate Barding Armor
38:59 Plate Mail Armor
39:30 Blast Furnace
39:20 Murder Holes
40:25 Chemistry
39:46 Ballistics
40:57 Heated Shot
alexgiaco98
0:26 Loom
13:38 Feudal Age
14:48 Double-Bit Axe
14:51 Horse Collar
16:41 Arson
17:54 Stone Mining
18:12 Gold Mining
25:08 Castle Age
25:47 Forging
25:37 Scale Mail Armor
26:18 Bow Saw
26:10 Heavy Plow
26:46 Gold Shaft Mining
26:48 Stone Shaft Mining
33:11 Imperial Age
34:55 Two-Man Saw
34:59 Chemistry
34:26 Conscription
36:09 Caravan
37:19 Elite Chu Ko Nu
38:35 Heavy Rocket Cart
39:34 Elite Fire Lancer
40:20 Squires
45:17 Chain Mail Armor
45:38 Iron Casting
45:03 Padded Archer Armor
44:54 Fletching
铭海蔚蓝
12:46 Feudal Age
17:06 Castle Age
15:14 Double-Bit Axe
15:29 Horse Collar
18:50 Wheelbarrow
18:35 Heavy Plow
19:17 Bow Saw
22:29 Loom
26:52 Gold Mining
27:31 Hand Cart
27:32 Caravan
30:11 Gold Shaft Mining
29:27 Stone Mining
33:00 Imperial Age
31:23 Stone Shaft Mining
33:20 Eagle Warrior
34:03 Squires
33:49 Arson
33:50 Gambesons
34:21 Forging
34:12 Scale Mail Armor
34:52 Pikeman
34:55 Man-at-Arms
36:29 Iron Casting
36:09 Chain Mail Armor
35:57 Padded Archer Armor
35:48 Fletching
35:56 Capped Ram
37:04 Conscription
37:08 Garland Wars
36:54 Atlatl
36:20 Elite Eagle Warrior
36:36 Long Swordsman
36:44 Siege Ram
38:46 Sanctity
38:40 Redemption
38:35 Atonement
38:48 Fervor
39:16 Theocracy
39:16 Elite Skirmisher
39:16 Crossbowman
39:26 Onager
40:00 Two-Handed Swordsman
41:52 Blast Furnace
41:23 Plate Mail Armor
41:09 Leather Archer Armor
40:50 Bodkin Arrow
41:31 Champion
49:59 Arbalester
Nick76Luo
1:10 Loom
8:45 Loom
11:21 Feudal Age
17:54 Castle Age
16:17 Double-Bit Axe
17:35 Horse Collar
19:38 Bow Saw
19:32 Heavy Plow
22:38 Stone Mining
24:46 Wheelbarrow
24:05 Town Watch
24:41 Gold Mining
26:44 Gold Shaft Mining
26:35 Hand Cart
28:01 Stone Shaft Mining
30:07 Forging
29:58 Scale Mail Armor
33:03 Imperial Age
30:50 Caravan
30:53 Devotion
30:48 Herbal Medicine
31:06 Town Patrol
32:03 Pikeman
32:30 Arson
33:21 Iron Casting
32:36 Fletching
33:02 Chain Mail Armor
33:06 Masonry
33:17 Ballistics
32:55 Murder Holes
33:16 Capped Ram
33:30 Halberdier
35:12 Blast Furnace
35:45 Chain Mail Armor
35:25 Bodkin Arrow
35:46 Siege Ram
35:47 Heavy Scorpion
37:43 Furor Celtica
37:53 Conscription
38:28 Stronghold
38:47 Onager
40:48 Hoardings
41:03 Sanctity
42:50 Siege Onager
allenchien1968
3:00 Loom
15:26 Feudal Age
21:47 Castle Age
21:37 Scale Mail Armor
21:48 Forging
22:42 Horse Collar
22:50 Double-Bit Axe
24:32 Bow Saw
30:25 Chain Mail Armor
30:46 Iron Casting
32:02 Heavy Plow
37:11 Imperial Age
37:44 Wheelbarrow
36:34 Pikeman
37:02 Gambesons
37:44 Arson
38:01 Squires
38:38 Plate Mail Armor
43:05 Hand Cart
42:45 Gold Mining
42:45 Stone Mining
45:32 Chemistry
44:53 Ballistics
44:42 Scale Barding Armor
44:45 Husbandry
46:06 Cavalier
46:09 Light Cavalry
47:36 Chain Barding Armor
46:54 Halberdier
48:35 Guard Tower
50:17 Fletching
50:28 Padded Archer Armor
52:35 Bodkin Arrow
Connection lost

Rejoining the realm…

Still unreachable

The connection could not be restored.

Session expired

The server has moved on; the page needs a fresh start.